 Dungeon Crawl Stone Soup version 0.24-a0-284-g9fb9971df1 (webtiles) character file.

Game seed: 3764125274802530082

525 HAL9000 the Covert (level 7, -1/34 HPs)
             Began as a Vine Stalker Assassin on May 4, 2019.
             Slain by an ogre
             ... wielding a +0 giant club
              (22 damage)
             ... on level 4 of the Dungeon.
             The game lasted 00:04:51 (3355 turns).

HAL9000 the Covert (Vine Stalker Assassin)          Turns: 3355, Time: 00:04:52

Health: -1/34      AC:  6    Str: 15    XL:     7   Next: 22%
Magic:  0/8        EV: 11    Int: 12    God:
Gold:   175        SH:  0    Dex: 15    Spells: 6/6 levels left

rFire    + . .     SeeInvis .   a - +3 dagger
rCold    x . .     Gourm    .   (no shield)
rNeg     . . .     Faith    .   q - +1 leather armour {MR+}
rPois    .         Spirit   +   (no helmet)
rElec    .         Reflect  .   d - +0 cloak
rCorr    .         Harm     .   p - +0 pair of gloves
MR       +....                  (no boots)
Stlth    ++++......             (no amulet)
HPRegen  0.51/turn              l - ring of fire
MPRegen  0.11/turn              (no ring)

@: no status effects
A: fangs 2, regeneration 1, magic shield, antimagic bite, no potion heal 3, rot
immunity
a: no special abilities


You were on level 4 of the Dungeon.
You were hungry.

You visited 1 branch of the dungeon, and saw 4 of its levels.

You collected 175 gold pieces.

Inventory:

Hand Weapons
 a - a +3 dagger (weapon)
 b - a +0 blowgun
Missiles
 e - 20 poisoned needles
 f - a curare-tipped needle
Armour
 d - a +0 cloak (worn)
 n - a +0 pair of boots
 p - a +0 pair of gloves (worn)
 q - a +1 leather armour of magic resistance (worn)
Jewellery
 l - a ring of fire (left hand)
Scrolls
 c - a scroll of teleportation
 i - a scroll of fog {unknown}
 r - a scroll of blinking {unknown}
 u - a scroll of identify
 v - a scroll of amnesia {unknown}
Potions
 h - 2 potions of curing
 j - 2 potions of brilliance
 k - 4 potions of flight
 m - a potion of lignification
 o - a potion of heal wounds {unknown}
 s - 3 potions of might {unknown}
Comestibles
 g - 8 rations


   Skills:
 - Level 1.7 Fighting
 + Level 5.1 Short Blades
 - Level 1.7 Throwing
 - Level 0.7 Dodging
 + Level 8.4 Stealth


You had 6 spell levels left.
You didn't know any spells.
Your spell library was empty.

Dungeon Overview and Level Annotations

Branches:
Dungeon (4/15)
 Temple: D:4-7

Altars:
Fedhas
Nemelex Xobeh
Okawaru
Qazlal
Trog
Vehumet
Yredelemnul


Innate Abilities, Weirdness & Mutations

You have extremely sharp teeth.
Your natural rate of healing is unusually fast.
When hurt, damage is shared between your health and your magic reserves.
Your bite disrupts and absorbs the magic of your enemies.
Potions cannot restore your health.
You are immune to rotting.


Message History

You see here 19 gold pieces.
You hit the ogre. You bite the ogre, but do no damage.
The ogre is moderately wounded.
The ogre hits you with a +0 giant club!!
You barely miss the ogre. Your bite misses the ogre.
The ogre is moderately wounded.
You hit the ogre. You bite the ogre. You drain its power.
You feel invigorated.
The ogre is heavily wounded.
The ogre closely misses you.
You barely miss the ogre. Your bite misses the ogre.
The ogre is heavily wounded.
Unknown command.
The ogre hits you with a +0 giant club.
You hit the bush but do no damage. You bite the bush, but do no damage.
You hit the bush but do no damage. The ogre closely misses you.
You hit the bush but do no damage. You bite the bush, but do no damage.
You hit the bush but do no damage. You bite the bush, but do no damage.
The ogre hits you with a +0 giant club!!
Ouch! That really hurt!
You die...

#.......## #.#
#........#######.#
###.....≈.......##.#
......^≈........##.#
......^#_≈^.....##.#
.......≈.≈#.....##.# #
###.....^.#......##.####
...#.#.#+##+.................
......<$..)O@P...............
#..###......PP.P....<........
#......PP_P.######.#####
...........PPP.# #.#
######..<..P...# #.#
.........#.# #.#
######...##.# #.# #...##.#
#....##..


You could see an ogre.

Vanquished Creatures
  Sigmund (D:2)
  A centaur (D:2)
  An orc priest (D:2)
  A centaur skeleton (D:3)
  An orc wizard (D:3)
  A worker ant (D:4)
  7 gnolls
  2 adders (D:3)
  2 oozes
  3 worms
  2 dart slugs (D:1)
  8 orcs
  2 ball pythons (D:3)
  5 bats
  2 giant cockroaches
  5 goblins
  7 hobgoblins
  6 jackals (D:3)
  7 kobolds
  A frilled lizard (D:2)
  8 rats
73 creatures vanquished.

Notes
Turn   | Place    | Note
-------+----------+-------------------------------------------
     0 | D:1      | HAL9000 the Vine Stalker Assassin began the quest for the
                  | Orb.
     0 | D:1      | Reached XP level 1. HP: 11/11 MP: 2/2
    34 | D:1      | Reached skill level 5 in Stealth
   112 | D:1      | Reached XP level 2. HP: 15/15 MP: 3/3
   492 | D:1      | Reached XP level 3. HP: 18/18 MP: 4/4
   760 | D:2      | Reached skill level 6 in Stealth
  1306 | D:2      | Found a sparkling altar of Nemelex Xobeh.
  1328 | D:2      | Gained mutation: Your natural rate of healing is unusually
                  | fast. [Vine Stalker growth]
  1328 | D:2      | Reached XP level 4. HP: 9/23 MP: 5/5
  1494 | D:2      | Found a basalt altar of Yredelemnul.
  1531 | D:2      | Noticed Sigmund
  1747 | D:2      | Killed Sigmund
  1747 | D:2      | Reached skill level 7 in Stealth
  1747 | D:2      | Reached XP level 5. HP: 20/26 MP: 4/6
  1747 | D:2      | Reached XP level 6. HP: 23/30 MP: 4/7
  1926 | D:2      | Found a bloodstained altar of Trog.
  2236 | D:2      | Reached skill level 8 in Stealth
  2301 | D:2      | Found a stormy altar of Qazlal.
  2483 | D:3      | Reached XP level 7. HP: 34/34 MP: 8/8
  2641 | D:3      | Found a radiant altar of Vehumet.
  2693 | D:3      | Found an iron altar of Okawaru.
  2787 | D:3      | Reached skill level 5 in Short Blades
  3324 | D:4      | Found a stormy altar of Qazlal.
  3324 | D:4      | Found a blossoming altar of Fedhas.
  3355 | D:4      | Slain by an ogre

Levels and vault maps discovered:
D:1:      scummos_arrival_forest, layout_loops_corners
D:2:      layout_basic, nemelex_xobeh_ov_fountains_minmay,
          nicolae_overflow_hidden_temple, marbit_many_paths,
          nicolae_qazlal_general_emergency, uniq_sigmund
D:3:      mumra_celtic_spiral_tile, layout_basic, fiery_altar_vehumet,
          overflow_temple_1_default, minmay_misc_feat_encased,
          chequers_hall_statues_y
D:4:      layout_basic, grunt_temple_overflow_forces_of_nature,
          gammafunk_temple_overflow_wave, first_ration

Skill      XL: |  1  2  3  4  5  6  7 |
---------------+----------------------+-----
Stealth        | 5 6 7 8 |  8.4
Short Blades   | 2 3 4 5 |  5.1
Fighting       | |  1.7
Throwing       | |  1.7
Dodging        | |  0.7

Action                   |  1- 3 |  4- 6 |  7- 9 || total
-------------------------+-------+-------+-------++-------
Melee: Dagger            |    83 |    87 |    58 ||   228
       Bite              |    19 |    25 |    21 ||    65
 Fire: Blowgun           |       |     4 |       ||     4
  Use: Scroll            |       |     7 |       ||     7
 Stab: Sleeping          |     6 |     2 |     5 ||    13
  Eat: Chunk             |     1 |     3 |     3 ||     7
Armor: Leather armour    |    13 |    19 |    12 ||    44
Dodge: Dodged            |    32 |    46 |    31 ||   109

Table legend:
 A = Non-vault XP
 B = Vault XP
 C = Vault XP percentage of total XP
 D = Non-vault monster count
 E = Vault monster count
 F = Vault count percentage of total count
                 A         B        C        D         E       F
            +---------+---------+-------+---------+---------+-------
      Total |     522 |     228 |  30.4 |      71 |       2 |   2.7
            +---------+---------+-------+---------+---------+-------
        D:1 |      74 |       0 |   0.0 |      27 |       0 |   0.0
        D:2 |     261 |     228 |  46.6 |      19 |       2 |   9.5
        D:3 |     150 |       0 |   0.0 |      23 |       0 |   0.0
        D:4 |      37 |       0 |   0.0 |       2 |       0 |   0.0
            +---------+---------+-------+---------+---------+-------
